 Dungeon Crawl Stone Soup version 0.23.1 (webtiles) character file.

Game seed: 6315310890751881264

83 myga the Vandal (level 4, -8/29 HPs)
             Began as a Halfling Hunter on Mar 17, 2019.
             Was a Follower of Yredelemnul.
             Shot with an arrow by a centaur (11 damage)
             ... on level 3 of the Dungeon.
             The game lasted 00:13:24 (1847 turns).

myga the Vandal (Halfling Hunter)                   Turns: 1847, Time: 00:13:24

Health: -8/29      AC:  5    Str: 14    XL:     4   Next: 71%
Magic:  4/4        EV: 14    Int:  9    God:    Yredelemnul [*.....]
Gold:   92         SH:  0    Dex: 14    Spells: 3/3 levels left

rFire    . . .     SeeInvis .   a - +1 hunting sling
rCold    . . .     Gourm    .   (shield restricted)
rNeg     . . .     Faith    .   s - +0 ring mail
rPois    .         Spirit   .   i - +0 hat
rElec    .         Reflect  .   (no cloak)
rCorr    .         Harm     .   (no gloves)
MR       .....                  (no boots)
Stlth    +.........             (no amulet)
HPRegen  0.09/turn              (no ring)
MPRegen  0.09/turn              (no ring)

@: no status effects
A: small, mutation resistance 1
a: Animate Remains, Renounce Religion


You were on level 3 of the Dungeon.
You worshipped Yredelemnul.
Yredelemnul was aware of your devotion.
You were hungry.

You visited 1 branch of the dungeon, and saw 4 of its levels.

You collected 92 gold pieces.

Inventory:

Hand Weapons
 a - a +1 hunting sling (weapon)
 b - a +0 short sword
 d - a +0 short sword
 n - a +0 dagger
 p - a +0 short sword
Missiles
 g - 39 stones (quivered)
 q - 20 bolts
 r - 60 arrows
 v - a throwing net
Armour
 c - a +0 leather armour
 h - a +0 leather armour
 i - a +0 hat (worn)
 l - a +0 leather armour
 s - a +0 ring mail (worn)
Scrolls
 e - 2 scrolls of teleportation
 j - a scroll of magic mapping {unknown}
 k - a scroll of fog {unknown}
 u - a scroll of amnesia {unknown}
 w - 2 scrolls of remove curse
 x - a scroll of enchant armour {unknown}
 y - a scroll of noise {unknown}
Potions
 m - a potion of might
 t - a potion of heal wounds {unknown}
 z - a potion of lignification {unknown}
Comestibles
 f - 3 rations
 o - 7 chunks of flesh


   Skills:
 + Level 2.1 Fighting
 + Level 7.7 Slings
 + Level 0.1 Armour
 + Level 2.7 Dodging
 + Level 1.2 Stealth


You had 3 spell levels left.
You didn't know any spells.
Your spell library was empty.

Dungeon Overview and Level Annotations

Branches:
Dungeon (4/15)
 Temple: D:4-7

Altars:
Yredelemnul


Innate Abilities, Weirdness & Mutations

You are small and have problems with some larger weapons.
You are somewhat resistant to further mutation.


Message History

The bat hits you.
* * * LOW HITPOINT WARNING * * *
The bat closely misses you. The bat hits you but does no damage. x2
The bat closely misses you. The bat barely misses you.
The centaur wields a +2 shortbow of freezing.
It is covered in frost.
The centaur shoots an arrow.
The arrow barely misses you.
There is a stone staircase leading down here.
Items here: (( †† a stone; a sling bullet; a frilled lizard corpse; an orc corpse The centaur shoots an arrow.
The arrow closely misses you.
There is a stone staircase leading up here.
Things that are here:
a +0 hand axe; 2 stones; an orc corpse The centaur shoots an arrow.
The arrow hits you but does no damage.
The centaur shoots an arrow.
The arrow hits you!
You die...
Your body rises from the dead as a mindless zombie.

### #.###### # ###
#....... #.#.. ....
.. #.#.###.####.##
#..............
#.#.###.####.#
#####.#.###.####.##.#
(....(.($..bc.>@[.((#
..###.#.########.####
#.#.# ... # #.# .###
#.# .# #.# .. #.# ##
#..


You could see a centaur and a bat.

Vanquished Creatures
  An adder (D:2)
  A worm (D:1)
  2 dart slugs
  2 leopard geckos
  5 orcs
  6 bats
  A giant cockroach (D:1)
  7 goblins
  7 hobgoblins
  4 jackals (D:2)
  3 frilled lizards
  A kobold (D:1)
  A quokka zombie (D:4)
  7 rats
48 creatures vanquished.

Vanquished Creatures (collateral kills)
  An adder (D:2)
  A bat (D:2)
2 creatures vanquished.

Vanquished Creatures (others)
  An adder skeleton (D:2)
  A bat skeleton (D:2)
2 creatures vanquished.

Grand Total: 52 creatures vanquished

Notes
Turn   | Place    | Note
-------+----------+-------------------------------------------
     0 | D:1      | myga the Halfling Hunter began the quest for the Orb.
     0 | D:1      | Reached XP level 1. HP: 14/14 MP: 1/1
    10 | D:1      | Reached skill level 6 in Slings
   126 | D:1      | Reached XP level 2. HP: 19/19 MP: 2/2
   421 | D:1      | Reached XP level 3. HP: 24/24 MP: 3/3
   487 | D:1      | Reached skill level 7 in Slings
  1257 | D:2      | Found a faded altar of an unknown god.
  1294 | D:2      | Became a worshipper of Yredelemnul the Dark
  1294 | D:2      | Reached * piety under Yredelemnul
  1319 | D:2      | Reached XP level 4. HP: 29/29 MP: 4/4
  1796 | D:4      | Noticed a phantom
  1830 | D:3      | Noticed a centaur
  1847 | D:3      | Shot with an arrow by a centaur

Skill      XL: |  1  2  3 |
---------------+----------+-----
Slings         | 6 7 |  7.7
Fighting       | 2 |  2.1
Armour         | |  0.1
Dodging        | |  2.7
Stealth        | |  1.2

Action                   |  1- 3 |  4- 6 || total
-------------------------+-------+-------++-------
Melee: Hunting sling     |     3 |       ||     3
       Short sword       |    16 |       ||    16
 Fire: Hunting sling     |    51 |    60 ||   111
Throw: Stone             |     1 |       ||     1
Invok: Animate Remains   |       |     4 ||     4
  Use: Scroll            |     3 |       ||     3
  Eat: Chunk             |     1 |     2 ||     3
Armor: Leather armour    |     2 |       ||     2
       Ring mail         |    14 |    21 ||    35
Dodge: Dodged            |    21 |    30 ||    51
